 Seeded DCSS version 0.31-a0-180-g519b7de00c (webtiles) character file.

Game seed: 20230619 (custom seed)

5 a11behringer the Chopper (level 1, 0/18 HPs)
             Began as a Hill Orc Reaver on June 19, 2023.
             Succumbed to a kobold's poison
             ... on level 1 of the Dungeon.
             The game lasted 00:00:54 (127 turns).

a11behringer the Chopper (Hill Orc Reaver)           Turns: 127, Time: 00:00:54

Health: 0/18       AC:  3    Str: 14    XL:     1   Next: 80%
Magic:  3/3        EV: 11    Int: 13    God:
Gold:   28         SH:  0    Dex:  9    Spells: 2/3 levels left

rFire   . . .        a - +0 hand axe
rCold   . . .        (no shield)
rNeg    . . .        b - +0 leather armour
rPois   .            (no helmet)
rElec   .            (no cloak)
rCorr   .            (no gloves)
SInv    .            (no boots)
Will    .....        (no amulet)
Stlth   +            (no ring)
HPRegen 0.23/turn    (no ring)
MPRegen 0.08/turn

%: no passive effects
@: lethally poisoned (0 -> -9)
A: no striking features
a: no special abilities


You were on level 1 of the Dungeon.
You visited 1 branch of the dungeon, and saw 1 of its levels.

You collected 28 gold pieces.

Inventory:

Hand Weapons
 a - a +0 hand axe (weapon)
Armour
 b - a +0 leather armour (worn)
 c - a +0 scale mail


   Skills:
 + Level 2.5 Fighting
 * Level 4.1 Axes
 + Level 0.1 Armour
 + Level 1.6 Dodging
 + Level 1.6 Spellcasting
 * Level 3.1 Conjurations


You had 2 spell levels left.
You knew the following spells:

 Your Spells              Type           Power      Damage    Failure   Level
a - Kiss of Death         Conj/Necr      20%        2d7       19%         1

Your spell library contained the following spells:

 Spells                   Type           Power      Damage    Failure   Level
 Momentum Strike          Conj/Tloc      10%        3d8       26%         2
 Hailstorm                Conj/Ice       5%         3d4       47%         3


Dungeon Overview and Level Annotations

Branches:
Dungeon (1/15)

Altars:


Message History

You see here a bat corpse.
You now have 28 gold pieces (gained 12).
As you open the door, it creaks loudly!
A frilled lizard comes into view.
The frilled lizard hisses angrily.
A kobold comes into view.
It is wielding a +2 short sword of venom.
The kobold shouts!
You see here a yellow potion.
The frilled lizard bites you but does no damage.
You barely miss the frilled lizard.
The frilled lizard bites you but does no damage.
You closely miss the kobold.
You hit the frilled lizard but do no damage.
The kobold hits you but does no damage. The frilled lizard barely misses you.
You hit the kobold but do no damage. Your punch misses the kobold.
You hit the frilled lizard.
You kill the frilled lizard!
The kobold hits you but does no damage.
You are poisoned.
You hit the kobold.
The kobold is heavily wounded.
You feel very sick.
The kobold hits you with a +2 short sword of venom.
You are lethally poisoned!
You barely miss the kobold.
The kobold is heavily wounded.
You feel very sick. The kobold barely misses you.
You are too injured to fight recklessly!
You are too injured to fight recklessly!
You are too injured to fight recklessly!
You are too injured to fight recklessly!
You closely miss the kobold.
The kobold is heavily wounded.
You feel very sick.
The kobold hits you with a +2 short sword of venom.
* * * LOW HITPOINT WARNING * * *
You closely miss the kobold.
The kobold is heavily wounded.
You die...

#...'..........#
#
#####......##...
# #......##..!
#...........
###.........
##........
#........
#!.......
#@.......
#.K†.....##
#........#
#.......##
#.......#
........#
#........#
#.....####


You could see a kobold.

Vanquished Creatures
  2 hobgoblins (D:1)
  A bat (D:1)
  2 frilled lizards (D:1)
  A rat (D:1)
6 creatures vanquished.

Notes
Turn   | Place    | Note
-------+----------+-------------------------------------------
     0 | D:1      | a11behringer the Hill Orc Reaver began the quest for the
                  | Orb.
     0 | D:1      | Reached XP level 1. HP: 18/18 MP: 3/3
   127 | D:1      | Succumbed to a kobold's poison

Illustrated notes

Levels and vault maps discovered:
D:1:      heliophobic_arrival_henge, layout_basic, nicolae_figureground_sparkle

Action                     || total
---------------------------++-------
  Melee: Hand axe          ||    20
 Armour: Leather armour    ||     5
  Dodge: Dodged            ||    12

Table legend: (Time is in decaauts)
 A = Elapsed time spent in this place.
 B = Non-inter-level travel time spent in this place.
 C = Inter-level travel time spent in this place.
 D = Time resting spent in this place.
 E = Time spent auto-exploring this place.
 F = Levels seen in this place.
 G = Mean time per level.
                   A        B        C        D        E       F      G
               +--------+--------+--------+--------+--------+-----+--------+
         Total |    128 |    124 |      4 |      0 |     84 |   1 |  128.0 |
       Dungeon |    128 |    124 |      4 |      0 |     84 |   1 |  128.0 |
               +--------+--------+--------+--------+--------+-----+--------+

Top non-repeatable levels by time:
     D:1: 128 daAuts
